 Dungeon Crawl Stone Soup version 0.28.0 (webtiles) character file.

Game seed: 1814284740636719286

592 danielguo94 the Cudgeller (level 7, -5/43 HPs)
             Began as a Gargoyle Fighter on Feb 6, 2022.
             Slain by a wight (6 damage)
             ... on level 4 of the Dungeon.
             The game lasted 00:04:12 (5369 turns).

danielguo94 the Cudgeller (Gargoyle Fighter)        Turns: 5369, Time: 00:04:14

Health: -5/43      AC: 15    Str: 22    XL:     7   Next: 39%
Magic:  7/7        EV:  9    Int:  8    God:
Gold:   52         SH:  4    Dex:  9    Spells: 6/6 levels left

rFire   . . .      SeeInvis .   a - +0 flail
rCold   . . .      Faith    .   c - +0 buckler
rNeg    + + .      Spirit   .   y - +1 scale mail of the Harp {rElec rN+}
rPois   ∞          Reflect  .   w - +0 helmet
rElec   +          Harm     .   (no cloak)
rCorr   .          Rampage  .   (no gloves)
Will    .....                   h - +0 pair of boots
Stlth   ..........              (no amulet)
HPRegen 0.14/turn               e - ring of flight
MPRegen 0.10/turn               (no ring)

@: flying
A: sickness immunity, AC +4, negative energy resistance 1, electricity
resistance, torment resistance 1, petrification resistance
a: no special abilities


You were on level 4 of the Dungeon.
You visited 1 branch of the dungeon, and saw 6 of its levels.

You collected 214 gold pieces.
You spent 162 gold pieces at shops.

Inventory:

Hand Weapons
 a - a +0 flail (weapon)
Missiles
 f - 159 stones (quivered)
 m - 19 poisoned darts
 t - 2 boomerangs
Armour
 c - a +0 buckler (worn)
 h - a +0 pair of boots (worn)
 w - a +0 helmet (worn)
 y - the +1 scale mail of the Harp (worn) {rElec rN+}
   (You found it on level 5 of the Dungeon)

   rElec:     It insulates you from electricity.
   rN:        It protects you from negative energy.
Jewellery
 e - a ring of flight (left hand)
Wands
 k - a wand of charming (4)
 C - a wand of flame (28)
Scrolls
 b - a scroll of enchant armour {unknown}
 g - 2 scrolls of blinking
 j - 2 scrolls of identify
 n - a scroll of holy word {unknown}
 o - 3 scrolls of vulnerability
 p - 3 scrolls of teleportation
 s - a scroll of acquirement {unknown}
 z - 4 scrolls of torment {unknown}
Potions
 d - 2 potions of might
 i - a potion of ambrosia {unknown}
 l - 3 potions of haste {unknown}
 q - a potion of berserk rage {unknown}
 r - 2 potions of curing
 u - 2 potions of magic
 v - a potion of degeneration {unknown}
 x - 2 potions of attraction
 A - a potion of resistance {unknown}
 B - a potion of brilliance


   Skills:
 + Level 4.1 Fighting
 * Level 6.2 Maces & Flails
 + Level 4.9 Armour
 + Level 1.0 Dodging
 + Level 4.0 Shields


You had 6 spell levels left.
You didn't know any spells.
Your spell library was empty.

Dungeon Overview and Level Annotations

Branches:
Dungeon (6/15)
 Temple: D:4-7

Altars:
Beogh

Shops:
D:2 (   D:5 *

Annotations:
D:2 1 runed translucent door, Crazy Yiuf
D:4 3 runed translucent doors, ProzacElf's ghost, amateur PaFi


Innate Abilities, Weirdness & Mutations

You are immune to sickness and miasma.
Your stone body is resilient. (AC +4)
You are immune to poison.
You resist negative energy. (rN+)
You are resistant to electric shocks. (rElec)
You are resistant to unholy torment.
You are immune to petrification.


Message History

Items here: )) [[ †.
Unknown command.
Unknown command.
Unknown command.
Unknown command.
Unknown command.
Unknown command.
You block the wight's attack.
There is a stone staircase leading up here.
You block the wight's attack.
You fly upwards.
Level annotation: 3 runed translucent doors, ProzacElf's ghost, amateur PaFi
There is a stone staircase leading down here.
You hit the wight but do no damage.
The wight hits you with a +2 morningstar.
You are too injured to fight recklessly!
You are too injured to fight recklessly!
You closely miss the wight.
The wight hits you with a +2 morningstar.
You barely miss the wight. The wight hits you but does no damage.
You closely miss the wight.
The wight hits you with a +2 morningstar.
You barely miss the wight.
The wight hits you with a +2 morningstar!
* * * LOW HITPOINT WARNING * * *
You barely miss the wight.
The wight hits you with a +2 morningstar.
* * * LOW HITPOINT WARNING * * *
You sock the wight!
The wight is heavily damaged.
The wight hits you with a +2 morningstar.
* * * LOW HITPOINT WARNING * * *
The wight hits you but does no damage.
You hit the wight.
The wight is severely damaged.
The wight closely misses you.
You barely miss the wight.
The wight is severely damaged.
The wight hits you with a +2 morningstar.
You die...

##.# #..)>...# ##.....# # ##..###
#.##..#.## ##.......
####.....####.##.#...####........
'......#................'........
.###.....####.##.#...####........
..###.#.## #.......## ##.......
.........# ####.#### ##.....#
........8# #z# ##)).## +++#######
#@##### ##'###


WWWoo...# #.....# #.# # ####....# #####.# #.# # .o.o###.# ###.########.###
.8..#8#.# #.............## ........# #.#.#..###.....# ._[....8# #.#.......#...##
#.###..##.##..## #......##....... You could see a wight.

Vanquished Creatures
  A gnoll sergeant (D:4)
  A water moccasin zombie (D:5)
  A wight (D:5)
  A hound (D:4)
  A bullfrog skeleton (D:4)
  A jelly (D:5)
  An orc priest (D:4)
  A centaur skeleton (D:3)
  Jessica (D:2)
  Terence (D:2)
  An orc wizard (D:5)
  Robin (D:4)
  4 gnolls
  A howler monkey skeleton (D:5)
  7 adders
  An adder zombie (D:5)
  2 adder skeletons
  A worm (D:2)
  2 dart slugs (D:4)
  4 orcs (D:4)
  7 ball pythons
  7 endoplasms
  10 goblins
  5 hobgoblins
  4 jackals (D:2)
  2 quokkas
  4 bats
  2 frilled lizards (D:2)
  4 kobolds
  2 rats
81 creatures vanquished.

Notes
Turn   | Place    | Note
-------+----------+-------------------------------------------
     0 | D:1      | danielguo94 the Gargoyle Fighter began the quest for the
                  | Orb.
     0 | D:1      | Reached XP level 1. HP: 14/14 MP: 1/1
   249 | D:1      | Reached XP level 2. HP: 7/19 MP: 2/2
  1299 | D:2      | Reached XP level 3. HP: 22/23 MP: 3/3
  1395 | D:2      | Found Papnolei's Antique Weapon Boutique.
  1520 | D:2      | Reached skill level 3 in Maces & Flails
  1749 | D:2      | Reached XP level 4. HP: 17/29 MP: 4/4
  1793 | D:2      | Noticed Terence
  1796 | D:2      | Killed Terence
  2167 | D:2      | Noticed Jessica
  2176 | D:2      | Killed Jessica
  2197 | D:2      | Found a runed translucent door.
  2198 | D:2      | Noticed Crazy Yiuf
  2281 | D:3      | Reached XP level 5. HP: 33/33 MP: 5/5
  2653 | D:3      | Reached skill level 4 in Maces & Flails
  3678 | D:4      | Found a runed translucent gate.
  3679 | D:4      | Found a runed translucent gate.
  3679 | D:4      | Noticed ProzacElf's ghost (amateur PaFi)
  3681 | D:4      | Found a runed translucent gate.
  3682 | D:4      | Identified the +6 hunting sling of Bumalumu {speed, Int+2}
  3692 | D:4      | Reached XP level 6. HP: 38/38 MP: 6/6
  3933 | D:4      | Noticed Robin
  3942 | D:4      | Killed Robin
  3943 | D:4      | Reached skill level 5 in Maces & Flails
  4323 | D:4      | Identified the +1 leather armour "Allim" {Int+4}
  4352 | D:5      | Entered Level 5 of the Dungeon
  4361 | D:5      | Identified the +1 scale mail of the Harp {rElec rN+}
  4454 | D:5      | Reached skill level 1 in Dodging
  4840 | D:5      | Reached XP level 7. HP: 40/43 MP: 7/7
  4906 | D:5      | Found Voniobu's General Store.
  4951 | D:5      | Bought a scroll of blinking for 90 gold pieces
  4951 | D:5      | Bought a scroll of identify for 24 gold pieces
  4955 | D:5      | Bought a potion of brilliance for 48 gold pieces
  5125 | D:5      | Reached skill level 6 in Maces & Flails
  5367 | D:4      | HP: 1/43 [wight (5)]
  5369 | D:4      | Slain by a wight

Illustrated notes

Levels and vault maps discovered:
D:1:      sevenhm_arrival_forest_fort_small_4, layout_loops_corners,
          chequers_serial_rivers_large_b, corexii_corridor_pit
D:2:      layout_basic, serial_shops, nicolae_shop_trees, minmay_bisected,
          uniq_jessica, uniq_crazy_yiuf_cottage, uniq_terence
D:3:      layout_basic
D:4:      layout_loops_corners, biasface_ghost_orc_armoury, uniq_robin
D:5:      layout_cave_pools, serial_shops, nicolae_inconvenience_store
D:6:      layout_cave_pools, overflow_temple_1_default, uniq_pikel

Skill      XL: |  1  2  3  4  5  6  7 |
---------------+----------------------+-----
Maces & Flails | 3 4 5 6 |  6.2
Armour         | 4 |  4.9
Dodging        | 1 |  1.0
Fighting       | 4 |  4.1
Shields        | 4 |  4.0

Action                   |  1- 3 |  4- 6 |  7- 9 || total
-------------------------+-------+-------+-------++-------
Melee: Flail             |   106 |   150 |    43 ||   299
  Use: Scroll            |       |     1 |     5 ||     6
Armor: Scale mail        |    71 |    80 |    25 ||   176
Dodge: Dodged            |    79 |    59 |    12 ||   150
Block: Buckler           |    27 |    30 |    12 ||    69
